 Dungeon Crawl Stone Soup version 0.27-a0-681-g0c81a3c1c3 (webtiles) character file.

Game seed: 16497691410131241004

270 Ajencis the Chiller (level 6, -5/46 HPs)
             Began as a Barachi Ice Elementalist on Mar 19, 2021.
             Slain by a nameless horror (7 damage)
             ... created by miscasting Summon Ice Beast
             ... in an ossuary.
             The game lasted 00:11:12 (5597 turns).

Ajencis the Chiller (Barachi Ice Elementalist)      Turns: 5597, Time: 00:11:12

Health: -5/46      AC:  2    Str: 10    XL:     6   Next: 22%
Magic:  1/10       EV: 12    Int: 17    God:
Gold:   115        SH:  0    Dex: 12    Spells: 3/11 levels left

rFire    . . .     SeeInvis .   e - staff of conjuration
rCold    . . .     Faith    .   (no shield)
rNeg     . . .     Spirit   .   a - +0 robe
rPois    .         Reflect  .   (no helmet)
rElec    .         Harm     .   (no cloak)
rCorr    .         Rampage  .   (no gloves)
Will     .....                  (no boots)
Stlth    ++........             (no amulet)
HPRegen  0.15/turn              (no ring)
MPRegen  0.12/turn              (no ring)

@: slow
A: +LOS, amphibious, slowness 1, strong legs 1
a: Hop


You were in an ossuary.
You visited 1 branch of the dungeon, and saw 4 of its levels.
You also visited: Ossuary.

You collected 115 gold pieces.

Inventory:

Armour
 a - a +0 robe (worn)
Magical Staves
 e - a staff of conjuration (weapon)
Jewellery
 d - an amulet of the acrobat
Wands
 k - a wand of flame (7)
Scrolls
 b - 6 scrolls of identify {unknown}
 j - a scroll of random uselessness {unknown}
Potions
 c - 2 potions of curing {unknown}
 f - a potion of ambrosia {unknown}
 g - a potion of magic {unknown}
 h - a potion of heal wounds {unknown}
 i - a potion of degeneration {unknown}
 l - a potion of invisibility {unknown}


   Skills:
 + Level 2.4 Fighting
 + Level 2.5 Armour
 + Level 3.3 Dodging
 - Level 1.7 Stealth
 + Level 3.2 Spellcasting
 * Level 2.4 Summonings
 + Level 6.0 Ice Magic


You had 3 spell levels left.
You knew the following spells:

 Your Spells              Type           Power      Damage    Failure   Level
a - Freeze                Ice            92%        1d10      1%          1
b - Frozen Ramparts       Ice            46%        1d6       4%          3
c - Summon Ice Beast      Ice/Summ       17%        N/A       30%         4

Your spell library contained the following spells:

 Spells                   Type           Power      Damage    Failure   Level
 Ozocubu's Armour         Ice            23%        N/A       4%          3
 Hailstorm                Conj/Ice       19%        3d6       45%         4


Dungeon Overview and Level Annotations

Branches:
Dungeon (4/15)            Ossuary (1/1)
 Temple: D:4-7

Altars:
Dithmenos
Nemelex Xobeh
Okawaru
Trog
Wu Jian
Yredelemnul


Innate Abilities, Weirdness & Mutations

You can be seen from farther away. (+LOS)
You are amphibious.
You cover ground slowly.
You can hop short distances.


Message History

The nameless horror hits you.
You hit the nameless horror but do no damage.
The nameless horror closely misses you.
Your magical contamination has completely faded away.
You hit the nameless horror but do no damage.
The nameless horror closely misses you. The nameless horror barely misses you.
You hit the nameless horror but do no damage.
The nameless horror hits you!
You feel your power leaking away.
You hit the nameless horror but do no damage.
An arrow hits the orc skeleton!
The nameless horror misses you.
You hit the nameless horror but do no damage.
The nameless horror hits you but does no damage.
You hit the nameless horror.
The nameless horror is lightly damaged.
The nameless horror hits you.
You hit the nameless horror but do no damage.
The nameless horror is lightly damaged.
The nameless horror barely misses you. The nameless horror hits you.
* * * LOW HITPOINT WARNING * * *
You hit the nameless horror but do no damage.
The nameless horror is lightly damaged.
An arrow hits the orc skeleton!
The nameless horror closely misses you.
You hit the nameless horror but do no damage.
The nameless horror is lightly damaged.
The nameless horror hits you!
* * * LOW HITPOINT WARNING * * *
You feel your power leaking away.
You hit the nameless horror.
The nameless horror is lightly damaged.
The nameless horror hits you.
* * * LOW HITPOINT WARNING * * *
An arrow hits the orc skeleton!
The orc skeleton is destroyed!
The nameless horror barely misses you.
Really walk into that arrow trap?
You avoid triggering an arrow trap.
There is an arrow trap here.
An arrow hits the nameless horror!
The nameless horror hits you!
You die...

#.^##..## #..##..##..## ..##^.##
#..##..##^.## .##^.##
#^.##..##..## ##..##
##.Z##..##..# #^.## ##..##..##..
..## ##..##..##. .## ##..##..##
##########################^.##..#
................@X.Z.........##..
################################.
..........................^......
#################################


You could see a nameless horror and a goblin zombie.

Vanquished Creatures
  Crazy Yiuf (D:2)
  Jessica (D:2)
  Terence (D:2)
  7 adders
  6 worms
  4 dart slugs
  A leopard gecko (D:1)
  6 orcs (D:3)
  4 ball pythons
  5 giant cockroaches
  6 goblins
  4 hobgoblins
  2 jackals (D:2)
  9 kobolds
  3 quokkas
  10 bats
  2 frilled lizards
  A gnoll skeleton (Ossuary)
  A goblin skeleton (Ossuary)
  A hobgoblin skeleton (Ossuary)
  A kobold skeleton (Ossuary)
  A kobold zombie (Ossuary)
  5 rats
  3 rat zombies (Ossuary)
85 creatures vanquished.

Vanquished Creatures (collateral kills)
  2 gnoll zombies (Ossuary)
  4 gnoll skeletons (Ossuary)
  A goblin skeleton (Ossuary)
  5 goblin zombies (Ossuary)
  2 hobgoblin skeletons (Ossuary)
  2 hobgoblin zombies (Ossuary)
  3 kobold skeletons (Ossuary)
  3 kobold zombies (Ossuary)
  2 orc skeletons (Ossuary)
  5 orc zombies (Ossuary)
  A rat skeleton (Ossuary)
  A rat zombie (Ossuary)
31 creatures vanquished.

Vanquished Creatures (others)
  2 goblin skeletons (Ossuary)
  An orc skeleton (Ossuary)
  56 plants (D:3)
59 creatures vanquished.

Grand Total: 175 creatures vanquished

Notes
Turn   | Place    | Note
-------+----------+-------------------------------------------
     0 | D:1      | Ajencis the Barachi Ice Elementalist began the quest for
                  | the Orb.
     0 | D:1      | Reached XP level 1. HP: 13/13 MP: 3/3
   455 | D:1      | Reached skill level 5 in Ice Magic
   455 | D:1      | Reached XP level 2. HP: 16/20 MP: 1/5
   831 | D:1      | Reached skill level 1 in Armour
  1060 | D:1      | Reached XP level 3. HP: 25/25 MP: 4/6
  1064 | D:1      | Learned a level 3 spell: Frozen Ramparts
  1515 | D:2      | Noticed Terence
  1523 | D:2      | Killed Terence
  1524 | D:2      | Reached skill level 1 in Fighting
  1524 | D:2      | Reached XP level 4. HP: 18/32 MP: 3/7
  2184 | D:2      | Found a runed translucent door.
  2185 | D:2      | Noticed Crazy Yiuf
  2406 | D:2      | Learned a level 4 spell: Summon Ice Beast
  2511 | D:2      | Noticed Jessica
  2519 | D:2      | Killed Jessica
  2723 | D:2      | Reached skill level 1 in Summonings
  2723 | D:2      | Reached XP level 5. HP: 31/38 MP: 5/9
  2931 | D:2      | Killed Crazy Yiuf
  3316 | D:3      | Found a basalt altar of Yredelemnul.
  3319 | D:3      | Found a sparkling altar of Nemelex Xobeh.
  3322 | D:3      | Found a bloodstained altar of Trog.
  3724 | D:3      | Found an iron altar of Okawaru.
  4202 | D:3      | Reached XP level 6. HP: 20/45 MP: 0/10
  4464 | D:3      | Found an ornate altar of the Wu Jian Council.
  4467 | D:3      | Found a shadowy altar of Dithmenos.
  4903 | D:4      | Found a sand-covered staircase.
  4908 | Ossuary  | Entered an ossuary
  5176 | Ossuary  | Reached skill level 6 in Ice Magic
  5571 | Ossuary  | Noticed a nameless horror
  5589 | Ossuary  | HP: 1/46 [nameless horror[miscasting Summon Ice Beast] (3)]
  5597 | Ossuary  | Slain by a nameless horror

Illustrated notes

Levels and vault maps discovered:
D:1:      dpeg_arrival_boxes_within_box, layout_loops_ring, serial_glass,
          glass_columns_a, glass_columns_a
D:2:      layout_loops_corners, uniq_terence, uniq_jessica,
          uniq_crazy_yiuf_cottage
D:3:      layout_loops_corners, nicolae_overflow_hidden_temple,
          okawaru_ov_weapons_minmay, serial_bayou, serial_bayou_lagoon_a,
          serial_bayou_pond_e, serial_bayou_pond_b, serial_bayou_pond_b
D:4:      layout_basic, nicolae_uskayaw_en_pointe,
          gammafunk_temple_overflow_wave, enter_ossuary_5, trog_wizard
Ossuary:  ossuary_due_pyramid

Skill      XL: |  1  2  3  4  5  6 |
---------------+-------------------+-----
Ice Magic      | 5 6 |  6.0
Armour         | 1 2 |  2.5
Fighting       | 1 2 |  2.4
Summonings     | 1 2 |  2.4
Dodging        | 3 |  3.3
Spellcasting   | 3 |  3.2
Stealth        | |  1.7

Action                   |  1- 3 |  4- 6 || total
-------------------------+-------+-------++-------
Melee: Unarmed           |     1 |       ||     1
       Staff             |    13 |   152 ||   165
 Cast: Freeze            |    31 |     1 ||    32
       Frozen Ramparts   |     2 |    28 ||    30
       Summon Ice Beast  |       |    11 ||    11
 Stab: Sleeping          |       |     2 ||     2
Armor: Robe              |     6 |    29 ||    35
Dodge: Dodged            |    27 |   128 ||   155

Table legend: (Time is in decaauts)
 A = Elapsed time spent in this place.
 B = Non-inter-level travel time spent in this place.
 C = Inter-level travel time spent in this place.
 D = Time resting spent in this place.
 E = Time spent auto-exploring this place.
 F = Levels seen in this place.
 G = Mean time per level.
                   A        B        C        D        E       F      G
               +--------+--------+--------+--------+--------+-----+--------+
         Total |   6159 |   5993 |    166 |     24 |   4724 |   5 | 1231.8 |
       Dungeon |   5413 |   5247 |    166 |      0 |   4426 |   4 | 1353.2 |
       Ossuary |    746 |    746 |      0 |     24 |    297 |   1 |  746.0 |
               +--------+--------+--------+--------+--------+-----+--------+

Top non-repeatable levels by time:
     D:3: 2042 daAuts
     D:2: 1918 daAuts
     D:1: 1426 daAuts
 Ossuary: 746 daAuts
     D:4: 25 daAuts
